Map: Neon Violet Square LE

Players

Ziggy - Winner!

  • Race: Terran Terran
  • Spawn Location: 11:00

LiquidTLO (TLO)

  • Race: Zerg Zerg
  • Spawn Location: 5:00

Event: WCS Leipzig 2018

VOD

Have the link to the VOD?

Description

Time

  • Played on: Jan. 26, 2018, 10:08 a.m.
  • Length: 12:27

All games in this series

Show
View Real Time Build Order
Export as new Build Order

Ziggy Terran - Winner!

Build Orders: Gas First Reaper Expand, Liberator Opening, Reaper Expand, Mech 

Get SALT Encoding   

  12  0:00  SCV  
  13  0:12  SCV  
  14  0:18  Supply Depot  
  14  0:24  SCV  
  15  0:30  Refinery  
  15  0:40  SCV  
  16  0:45  Barracks  
  16  0:52  SCV  
  18  1:04  SCV  
  18  1:16  SCV  
  19  1:33  Orbital Command, Reaper  
  20  1:48  Command Center  
  20  1:59  SCV  
  21  2:03  Factory  
  21  2:09  Barracks Reactor  
  21  2:11  SCV  
  21  2:15  Supply Depot  
  22  2:23  SCV  
  22  2:26  Refinery  
  24  2:37  SCV  
  24  2:46  Marine x2  
  24  2:49  Hellion, SCV  
  29  2:54  Starport  
  29  3:01  SCV, Orbital Command  
  30  3:08  Marine x2  
  32  3:13  SCV  
  32  3:18  Widow Mine  
  35  3:26  Marine x2  
  38  3:27  SCV  
  38  3:28  SCV  
  38  3:31  Medivac  
  41  3:40  Supply Depot  
  41  3:43  SCV  
  42  3:49  Hellion x2  
  42  3:50  Liberator  
  42  3:55  Armory  
  46  4:02  SCV x2  
  50  4:11  Hellion x2  
  54  4:18  SCV x2  
  54  4:24  Supply Depot  
  54  4:30  SCV  
  55  4:32  Hellion x2  
  55  4:33  SCV  
  55  4:34  Supply Depot  
  60  4:42  SCV  
  61  4:46  Liberator  
  61  4:51  SCV  
  62  4:54  SCV  
  63  5:00  Command Center  
  66  5:08  SCV x2  
  66  5:13  Hellion x2  
  72  5:20  SCV  
  73  5:25  Supply Depot  
  73  5:26  SCV  
  74  5:32  SCV  
  74  5:37  Hellion x2  
  74  5:41  SCV  
  74  5:42  Liberator, Factory  
  77  5:44  Factory  
  63  5:58  SCV x2, Hellion x2  
  72  6:10  SCV x2  
  66  6:12  Refinery  
  66  6:13  Orbital Command  
  66  6:15  Refinery  
  66  6:16  Refinery  
  66  6:22  SCV x2  
  66  6:25  Refinery, Factory Tech Lab  
  68  6:29  Factory Tech Lab  
  68  6:34  SCV  
  69  6:44  Siege Tank  
  69  6:45  Hellion x2  
  69  6:46  Terran Vehicle Weapons Level 1  
  76  6:48  SCV x2  
  76  6:53  Siege Tank  
  81  6:56  SCV  
  79  7:02  SCV x2  
  79  7:04  Hellion x4  
  79  7:06  Hellion x2, Factory  
  81  7:25  Hellion, Siege Tank  
  81  7:27  Liberator  
  86  7:30  SCV x2  
  86  7:33  Command Center, Factory  
  86  7:36  Factory  
  88  7:39  Hellion x2, SCV  
  88  7:42  SCV  
  94  7:46  SCV  
  95  7:51  SCV  
  95  7:54  Siege Tank  
  95  7:55  Factory Tech Lab  
  99  8:02  Supply Depot x2, Siege Tank  
  99  8:03  Supply Depot  
  99  8:05  SCV x3  
  105  8:12  Factory  
  105  8:13  Factory  
  105  8:16  Siege Tank  
  108  8:22  Factory Tech Lab, Factory Reactor  
  108  8:24  Hellion  
  108  8:26  Siege Tank  
  113  8:32  Infernal Pre-Igniter  
  113  8:34  Siege Tank  
  113  8:38  Viking  
  118  8:46  Siege Tank  
  118  8:48  Hellion x3  
  127  8:54  SCV x2  
  129  8:58  Siege Tank  
  132  9:03  Refinery, Terran Vehicle Weapons Level 2  
  132  9:07  Refinery  
  132  9:08  Hellion  
  132  9:09  Hellion  
  136  9:13  Hellion  
  136  9:14  Hellion  
  140  9:21  Siege Tank  
  143  9:29  Starport Reactor  
  143  9:30  Siege Tank  
  146  9:32  Hellion  
  148  9:42  Hellion x2, Supply Depot  
  148  9:43  Supply Depot, Orbital Command  
  152  9:46  Siege Tank  
  152  9:47  Factory Tech Lab  
  152  9:49  Hellion  
  157  9:55  Siege Tank  
  157  9:57  Siege Tank  
  161  10:00  Hellion  
  165  10:07  Hellion x2  
  167  10:20  Siege Tank x2  
  173  10:21  Hellion  
  173  10:22  Hellion  
  174  10:33  Siege Tank x2  
  180  10:52  Viking  
  180  10:56  Supply Depot  
  180  10:57  Supply Depot  
  180  10:58  Hellion  
  180  11:02  Hellion  
  180  11:10  Siege Tank x3  
  180  11:18  Hellion x3  
  182  11:25  Viking  
  182  11:26  Viking  
  182  11:31  Siege Tank x2  
  192  11:42  Siege Tank  
  195  11:50  Starport  
  195  11:51  Starport  
  195  11:52  Siege Tank  
Show
View Real Time Build Order
Export as new Build Order

LiquidTLO Zerg 

Build Orders: Hatch First 

Get SALT Encoding   

  12  0:00  Drone  
  13  0:13  Overlord  
  13  0:17  Drone  
  14  0:32  Drone  
  14  0:33  Drone  
  16  0:40  Drone  
  17  0:53  Hatchery  
  17  0:56  Drone  
  17  1:01  Drone  
  18  1:06  Extractor  
  17  1:16  Spawning Pool  
  16  1:19  Drone  
  16  1:22  Drone  
  18  1:29  Drone  
  19  1:39  Overlord  
  19  1:54  Drone  
  20  2:02  Queen  
  20  2:03  Drone  
  20  2:05  Queen  
  20  2:06  Drone  
  26  2:10  Metabolic Boost  
  26  2:16  Zergling x2  
  26  2:19  Drone  
  28  2:23  Drone  
  28  2:29  Drone  
  30  2:40  Extractor  
  30  2:42  Drone x2  
  30  2:44  Drone  
  31  2:49  Hatchery  
  30  2:55  Queen  
  33  3:00  Overlord  
  33  3:03  Zergling x2  
  33  3:04  Zergling x2  
  35  3:07  Drone  
  36  3:13  Overlord  
  36  3:19  Zergling x4  
  38  3:22  Drone x3  
  41  3:27  Drone  
  41  3:28  Overlord  
  41  3:30  Drone  
  43  3:35  Baneling Nest  
  43  3:40  Queen  
  44  3:44  Drone x2  
  44  3:45  Drone  
  47  3:48  Drone  
  47  3:51  Drone  
  47  3:52  Drone  
  50  3:57  Drone  
  50  3:58  Drone  
  50  4:01  Drone  
  50  4:02  Baneling Nest  
  52  4:06  Drone, Zergling x2  
  52  4:08  Drone  
  54  4:10  Drone, Zergling x2  
  54  4:13  Extractor  
  54  4:14  Queen  
  54  4:16  Drone  
  58  4:18  Zergling x2  
  58  4:22  Drone  
  59  4:24  Drone  
  59  4:25  Drone  
  59  4:31  Drone  
  62  4:33  Zergling x4  
  62  4:35  Drone  
  62  4:37  Overlord, Spore Crawler  
  64  4:41  Overlord  
  64  4:42  Baneling x2  
  64  4:47  Zergling x4  
  64  4:49  Zergling x2  
  64  4:50  Zergling x2  
  66  4:53  Overlord  
  66  4:54  Overlord, Spore Crawler  
  66  4:55  Baneling x3  
  66  4:59  Zergling x4  
  67  5:00  Drone, Zergling x2  
  67  5:03  Zergling x6  
  67  5:06  Drone  
  73  5:07  Drone, Baneling  
  73  5:08  Baneling  
  73  5:11  Drone  
  75  5:15  Drone  
  75  5:16  Drone  
  75  5:18  Drone  
  78  5:27  Drone  
  78  5:28  Drone  
  80  5:29  Drone  
  80  5:30  Drone x2  
  80  5:35  Drone x2  
  77  5:36  Drone, Queen  
  77  5:37  Drone  
  77  5:38  Drone x2  
  77  5:39  Drone x2  
  80  5:44  Drone  
  80  5:49  Zergling x4  
  79  5:54  Drone  
  77  6:03  Drone  
  76  6:04  Evolution Chamber  
  76  6:05  Evolution Chamber  
  76  6:06  Drone x2  
  76  6:07  Hatchery  
  76  6:08  Drone x2  
  76  6:09  Drone  
  77  6:12  Pneumatized Carapace, Extractor  
  77  6:17  Drone x3  
  79  6:19  Drone, Extractor  
  79  6:27  Drone x2  
  79  6:28  Drone x2  
  79  6:30  Drone  
  79  6:31  Zergling x2  
  82  6:37  Drone  
  82  6:38  Overlord  
  82  6:39  Lair  
  82  6:40  Drone  
  82  6:45  Zergling x4, Queen  
  87  6:47  Zergling x4  
  87  6:50  Drone  
  87  6:52  Drone  
  87  6:53  Roach Warren  
  89  6:55  Baneling x3, Zergling x2, Queen  
  89  6:56  Drone  
  89  6:59  Drone x3  
  89  7:00  Drone  
  96  7:05  Zergling x2  
  96  7:11  Drone  
  96  7:12  Hatchery  
  91  7:22  Zerg Ground Armor Level 1  
  91  7:24  Zergling x4  
  91  7:28  Zergling x4  
  91  7:29  Zergling x2, Extractor  
  93  7:30  Drone, Zergling x2  
  93  7:31  Spore Crawler  
  93  7:34  Drone  
  93  7:35  Drone x3  
  93  7:36  Drone  
  98  7:37  Glial Reconstitution  
  98  7:38  Zergling x2  
  98  7:39  Zergling x2  
  98  7:42  Extractor, Roach  
  98  7:43  Extractor  
  100  7:46  Roach  
  100  7:47  Extractor  
  101  7:52  Roach x2  
  101  7:54  Roach  
  101  7:56  Queen  
  101  7:57  Roach  
  111  7:59  Baneling  
  111  8:00  Overlord x2  
  111  8:05  Overlord  
  111  8:06  Overlord, Evolution Chamber  
  111  8:07  Roach, Evolution Chamber  
  111  8:09  Overlord  
  111  8:11  Overlord  
  111  8:12  Overlord x2  
  111  8:19  Roach  
  115  8:20  Roach  
  115  8:21  Overlord  
  115  8:24  Drone  
  115  8:26  Drone x2, Infestation Pit  
  117  8:29  Drone  
  117  8:31  Baneling x7  
  117  8:33  Baneling x3  
  118  8:36  Roach  
  118  8:38  Roach  
  124  8:41  Roach x2  
  124  8:42  Roach  
  124  8:46  Roach x2  
  124  8:47  Drone  
  133  8:52  Roach x2  
  135  8:56  Drone  
  135  8:58  Spire  
  135  9:01  Drone  
  135  9:02  Drone  
  137  9:09  Roach x2  
  141  9:10  Overlord  
  141  9:11  Roach x2  
  141  9:12  Roach x3  
  149  9:20  Hive  
  146  9:25  Hydralisk Den  
  146  9:28  Drone  
  146  9:32  Drone  
  146  9:35  Spine Crawler x2, Spore Crawler  
  146  9:38  Overseer x2, Spore Crawler  
  143  9:40  Overlord  
  143  9:43  Zerg Melee Weapons Level 1, Zerg Missile Weapons Level 1  
  143  9:49  Zergling x2  
  143  9:52  Zergling x2  
  144  9:53  Zergling x2  
  144  9:55  Zergling x2  
  144  9:58  Muscular Augments  
  145  10:01  Extractor  
  145  10:05  Hydralisk x7  
  157  10:12  Zergling x2  
  157  10:13  Drone  
  156  10:15  Drone  
  156  10:16  Drone  
  156  10:17  Drone  
  156  10:18  Drone x2, Hatchery  
  157  10:23  Drone  
  157  10:24  Drone  
  159  10:33  Viper  
  159  10:34  Greater Spire, Viper  
  165  10:37  Hydralisk  
  165  10:38  Hydralisk  
  165  10:42  Hydralisk x2, Evolution Chamber  
  172  10:43  Evolution Chamber  
  171  10:58  Viper x2  
  171  10:59  Overlord  
  161  11:15  Ravager  
  161  11:16  Ravager x6  
  166  11:19  Hydralisk  
  166  11:20  Roach  
  166  11:21  Roach  
  166  11:25  Hydralisk x2  
  167  11:30  Corruptor  
  176  11:51  Corruptor  
  176  11:56  Hatchery  
Tags
 
Add a new tag
Caveats
  • Supply blocks, unpowered buildings, or Contaminate may cause inaccurate times.
  • Supply counts are checked every 10 seconds.